AoeStats
← Fiz 98

Arena

508647728Analyzed
4v4 RM · 9d ago on Sep 23, 2026· 40m 49s· 8 players
Game mode
Random Map
Map size
Large (8 player)
Population
200
Speed
Normal
Resources
Standard
Victory
Conquest
Starting age
Dark Age
Ending age
Imperial Age
RankedLock teamsTeams togetherTeam positionsShared explorationLock speedFull tech treeHidden civsTurbo modeCheats
Victory
Defeat
🇦🇺 Inca · Australia
1537
+15
🇭🇰 Mongols · Hong Kong SAR China
1533
+15
🇨🇳 Khmer · China
1495
+17
🇬🇧 Spanish · United Kingdom
1491
+17
🇦🇷 Britons · Argentina
1555
-18
🇦🇷 Lithuanians · Argentina
1508
-16
🇩🇴 Bengalis · Dominican Republic
1494
-15
🇭🇰 Varangians · Hong Kong SAR China
1491
-15
RD | RuJasonSh
10:28 Feudal Age
14:38 Castle Age
12:27 Horse Collar
13:04 Double-Bit Axe
15:27 Wheelbarrow
15:49 Bow Saw
15:49 Heavy Plow
20:29 Town Watch
20:31 Loom
28:17 Imperial Age
25:41 Fletching
26:30 Bodkin Arrow
27:08 Guard Tower
27:42 Ballistics
27:45 Padded Archer Armor
28:06 Elite Skirmisher
28:58 Paiks
29:21 Leather Archer Armor
30:51 Chemistry
30:20 Guard Tower
30:41 Masonry
31:59 Hand Cart
33:41 Gold Mining
PocaChota
10:59 Feudal Age
15:02 Castle Age
12:49 Double-Bit Axe
13:49 Horse Collar
14:33 Fletching
16:03 Bow Saw
16:07 Heavy Plow
26:43 Gold Mining
28:11 Wheelbarrow
31:06 Imperial Age
28:23 Loom
29:36 Bodkin Arrow
30:20 Gold Shaft Mining
29:35 Stone Mining
31:08 Ballistics
30:29 Treadmill Crane
31:00 Masonry
30:31 Crossbowman
31:13 Padded Archer Armor
31:33 Onager
32:25 Arbalester
33:05 Bracer
33:36 Siege Engineers
34:33 Chemistry
33:45 Forging
34:36 Two-Man Saw
33:56 Hand Cart
35:22 Iron Casting
35:15 Fortified Wall
34:49 Pikeman
35:30 Squires
35:15 Arson
36:32 Architecture
35:48 Gambesons
36:31 Conscription
36:34 Yeomen
36:36 Conscription
onon02122
10:02 Feudal Age
13:44 Castle Age
11:36 Double-Bit Axe
11:57 Horse Collar
14:46 Bow Saw
15:42 Heavy Plow
21:59 Wheelbarrow
21:33 Gold Mining
22:27 Stone Mining
23:44 Hand Cart
24:26 Treadmill Crane
25:08 Loom
26:01 Stone Shaft Mining
25:40 Town Watch
28:31 Imperial Age
26:50 Forging
26:45 Scale Barding Armor
26:39 Vendel Legacy
28:10 Iron Casting
27:38 Husbandry
27:48 Bloodlines
28:51 Cavalier
29:53 Chain Barding Armor
29:50 Light Cavalry
31:25 Conscription
31:49 Squires
31:11 Elite Varangian Guard
31:36 Gambesons
31:58 Scale Mail Armor
34:48 Town Patrol
35:26 Plate Barding Armor
35:52 Blast Furnace
34:42 Fletching
35:05 Masonry
35:07 Pikeman
Kupuka
11:00 Feudal Age
11:17 Feudal Age
14:56 Castle Age
12:47 Double-Bit Axe
15:54 Bow Saw
16:55 Horse Collar
17:42 Heavy Plow
23:59 Wheelbarrow
25:48 Hand Cart
26:42 Gold Mining
27:15 Fervor
30:29 Imperial Age
28:13 Loom
28:42 Forging
28:37 Scale Barding Armor
28:46 Bloodlines
28:36 Husbandry
28:44 Stone Mining
30:10 Iron Casting
29:35 Scale Mail Armor
29:49 Pikeman
30:30 Squires
30:36 Capped Ram
31:16 Halberdier
32:18 Chain Mail Armor
32:24 Chain Barding Armor
33:48 Two-Man Saw
34:06 Conscription
33:48 Fletching
34:34 Plate Barding Armor
33:23 Elite Leitis
34:07 Treadmill Crane
34:51 Bodkin Arrow
37:14 Bracer
37:29 Masonry
38:21 Chemistry
38:42 Ballistics
38:53 Architecture
Fiz 98
10:26 Feudal Age
14:20 Castle Age
12:41 Double-Bit Axe
12:42 Horse Collar
15:18 Bow Saw
17:02 Heavy Plow
25:50 Wheelbarrow
25:00 Loom
26:03 Gold Mining
26:46 Hand Cart
28:19 Scale Barding Armor
28:24 Forging
28:35 Town Watch
31:56 Imperial Age
30:05 Bloodlines
29:55 Husbandry
30:18 Chain Barding Armor
30:34 Iron Casting
32:17 Cavalier
33:34 Plate Barding Armor
34:00 Blast Furnace
33:15 Light Cavalry
34:20 Scale Mail Armor
34:58 Paladin
38:25 Chain Mail Armor
39:16 Conscription
39:00 Inquisition
虎!虎!虎!
10:03 Feudal Age
13:06 Castle Age
11:45 Double-Bit Axe
16:58 Horse Collar
19:13 Heavy Plow
20:11 Bow Saw
22:57 Wheelbarrow
23:33 Gold Mining
23:33 Stone Mining
24:02 Hand Cart
23:33 Loom
27:45 Imperial Age
26:37 Gold Shaft Mining
26:08 Town Watch
26:32 Scale Barding Armor
26:30 Husbandry
26:40 Bloodlines
26:57 Bloodlines
29:33 Chemistry
28:54 Ballistics
28:57 Scale Mail Armor
29:07 Forging
29:29 Double Crossbow
29:32 Pikeman
30:32 Chain Mail Armor
30:53 Iron Casting
31:49 Heavy Scorpion
33:11 Halberdier
34:29 Crop Rotation
34:15 Capped Ram
37:07 Blast Furnace
36:28 Chain Barding Armor
36:00 Fletching
36:22 Light Cavalry
37:37 Chain Barding Armor
37:12 Hussar
39:06 Plate Barding Armor
39:14 Siege Ram
mbxmm
10:02 Feudal Age
11:31 Double-Bit Axe
14:15 Castle Age
12:16 Horse Collar
16:04 Bow Saw
24:09 Gold Mining
25:19 Wheelbarrow
24:35 Stone Mining
25:07 Loom
26:33 Gold Shaft Mining
26:34 Stone Shaft Mining
26:19 Heavy Plow
30:04 Imperial Age
28:19 Hand Cart
30:27 Ballistics
30:37 Fletching
31:09 Conscription
30:13 Onager
31:55 Chemistry
31:50 Drill
31:54 Siege Onager
32:53 Nomads
33:34 Bodkin Arrow
35:13 Parthian Tactics
34:54 Thumb Ring
34:25 Elite Mangudai
35:16 Husbandry
35:27 Bloodlines
36:07 Siege Engineers
37:05 Capped Ram
38:06 Padded Archer Armor
38:27 Bracer
39:31 Leather Archer Armor
39:46 Murder Holes
ResonanceFreq
9:32 Feudal Age
13:11 Castle Age
10:58 Double-Bit Axe
11:25 Horse Collar
19:20 Wheelbarrow
19:50 Bow Saw
21:08 Hand Cart
21:26 Gold Mining
21:38 Heavy Plow
22:35 Loom
25:49 Imperial Age
23:50 Scale Mail Armor
24:00 Forging
24:23 Town Watch
25:11 Chain Mail Armor
24:34 Pikeman
25:59 Gold Shaft Mining
26:23 Iron Casting
26:27 Squires
26:05 Capped Ram
26:19 Halberdier
27:41 Town Patrol
27:41 Siege Ram
31:56 Plate Mail Armor
33:17 Blast Furnace
36:55 Crop Rotation
36:15 Stone Mining
36:16 Fletching
37:07 Siege Engineers
37:05 Bodkin Arrow
38:04 Stone Shaft Mining
38:29 Conscription
39:36 Hoardings
39:03 Bracer
39:30 Masonry
39:22 Fabric Shields
39:34 Elite Kamayuk
Connection lost

Rejoining the realm…

Still unreachable

The connection could not be restored.

Session expired

The server has moved on; the page needs a fresh start.